 Dungeon Crawl Stone Soup version 0.18.1-48-g4cf74bf (webtiles) character file.

1194 WarriorsX the Thaumaturge (level 8, -3/46 HPs)
             Began as a High Elf Wizard on Aug 9, 2016.
             Slain by an orc warrior
             ... wielding a +0 glaive
              (7 damage)
             ... on level 6 of the Dungeon.
             The game lasted 00:25:43 (6433 turns).

WarriorsX the Thaumaturge (High Elf Wizard)         Turns: 6433, Time: 00:25:44

Health: -3/46      AC:  7    Str:  6    XL:     8   Next: 20%
Magic:  0/21       EV: 12    Int: 24    God:
Gold:   280        SH:  0    Dex: 14    Spells: 2 memorised, 19 levels left

rFire  . . .     SeeInvis .     r - staff of conjuration
rCold  . . .     Gourm    .     a - +0 robe
rNeg   . . .     Faith    .     (no shield)
rPois  .         Spirit   .     b - +0 hat
rElec  .         Dismiss  .     t - +0 cloak
rCorr  .         Reflect  .     s - +0 pair of gloves
SustAt .         Harm     .     h - +2 pair of boots
MR     .....                    (no amulet)
Stlth  ++........               (no ring)
                                (no ring)

@: very slightly contaminated, hasted, very quick, not resistant to hostile
enchantments, unstealthy
A: no striking features
a: no special abilities


You were on level 6 of the Dungeon.
You were hungry.

You visited 1 branch of the dungeon, and saw 6 of its levels.
You also visited: Ossuary.

You collected 280 gold pieces.

Inventory:

Armour
 a - a +0 robe (worn)
 b - a +0 hat (worn)
 h - a +2 pair of boots (worn)
 s - a +0 pair of gloves (worn)
 t - a +0 cloak (worn)
Magical Staves
 r - an uncursed staff of conjuration (weapon)
Jewellery
 m - a +4 ring of slaying {unknown}
 q - an uncursed amulet of the gourmand
Wands
 l - a wand of polymorph (10/24)
Scrolls
 f - a scroll of noise
 g - a scroll of remove curse
 i - 3 scrolls of enchant armour
 n - a scroll of amnesia
 o - 5 scrolls of identify
 u - a scroll of brand weapon {unknown}
 v - a scroll of recharging
Potions
 e - a potion of haste
 x - a potion of might {unknown}
Books
 c - a book of Minor Magic

   Spells                             Type                      Level
   a - Magic Dart                     Conjuration                  1
   b - Blink                          Translocation                2
   c - Call Imp                       Summoning                    2
   d - Repel Missiles                 Charms/Air                   2
   e - Slow                           Hexes                        2
   f - Conjure Flame                  Conjuration/Fire             3
   g - Mephitic Cloud                 Conjuration/Poison/Air       3
Comestibles
 d - 5 bread rations
 j - a royal jelly
 p - 2 fruits
 z - a beef jerky


   Skills:
 - Level 2.0 Staves
 - Level 2.1 Dodging
 - Level 2.1 Stealth
 - Level 8.4 Spellcasting
 + Level 4.3 Conjurations
   Level 0.8 Summonings
   Level 1.1 Translocations
 + Level 6.0 Air Magic


You had 19 spell levels left.
You knew the following spells:

 Your Spells              Type           Power        Failure   Level  Hunger
a - Magic Dart            Conj           ####         1%          1    None
b - Mephitic Cloud        Conj/Pois/Air  #####...     4%          3    None


Dungeon Overview and Level Annotations

Branches:
Dungeon (6/15)             Temple (0/1) D:6

Altars:
Ashenzari

Shops:
D:5 [

Annotations:
D:3 Joat's ghost, amateur OpTm
D:6 Pikel


Message History

Confirm with . or Enter, or press ? or * to list all spells.
Aiming: Magic Dart
Press: ? - help, Shift-Dir - straight line, f/p - orc warrior
Aim: an orc warrior, wielding a glaive and wearing a chain mail (almost dead)
You feel a surge of power!
You miscast Magic Dart.
You are very lightly contaminated with residual magic.
Nothing appears to happen.
The orc warrior closely misses you.
Casting: Magic Dart
Confirm with . or Enter, or press ? or * to list all spells.
Aiming: Magic Dart
Press: ? - help, Shift-Dir - straight line, f/p - orc warrior
Aim: an orc warrior, wielding a glaive and wearing a chain mail (almost dead)
You feel a surge of power!
The magic dart hits the orc warrior.
The orc warrior is almost dead.
Drink which item? (? for menu, Esc to quit)
You can't drink that!
Drink which item? (? for menu, Esc to quit)
It was a potion of haste.
You feel yourself speed up. The orc warrior hits you with a glaive!
You die...

≈≈≈≈#..# ≈≈≈##.##
######## ≈≈##..####
#......#
###......#####......#
#...................#
#.#......#####......#
.........# #......#
..#......# ###.####
.(#......# #@#
..##.##### #o# .###.#
... )..#.# ....#
.#.#.# .....# <#†#.#
♣.♣...# .#.#.#
.>....# .[...####...♣
♣.#.# .#..........


You could see an orc warrior.

Vanquished Creatures
  Edmund (D:5)
  2 slaves (D:6)
  A sky beast (D:6)
  2 ogres (D:5)
  A centaur (D:6)
  A giant frog (D:6)
  2 scorpions (D:6)
  A howler monkey (D:4)
  3 crimson imps
  2 jellies
  A quasit (D:6)
  4 orc wizards
  A hound zombie (Ossuary)
  A hound skeleton (D:5)
  2 mummies (Ossuary)
  A worker ant zombie (D:6)
  A gnoll (D:5)
  4 adders
  2 oozes
  2 adder skeletons (D:4)
  An adder zombie (D:5)
  A worm (D:3)
  13 dart slugs
  2 giant geckos
  7 orcs
  4 bats
  5 giant cockroaches
  7 goblins
  6 hobgoblins
  6 jackals
  3 quokkas
  A ball python (D:2)
  A giant newt (D:2)
  8 kobolds
  A kobold zombie (D:5)
  8 rats
109 creatures vanquished.

Vanquished Creatures (others)
  3 fungi (D:6)
  3 withered plants (Ossuary)
6 creatures vanquished.

Grand Total: 115 creatures vanquished

Notes
Turn   | Place    | Note
--------------------------------------------------------------
     0 | D:1      | WarriorsX the High Elf Wizard began the quest for the Orb.
     0 | D:1      | Reached XP level 1. HP: 11/11 MP: 6/6
    76 | D:1      | Reached skill level 4 in Spellcasting
   278 | D:1      | Reached XP level 2. HP: 17/17 MP: 0/8
  1188 | D:1      | Reached XP level 3. HP: 21/21 MP: 3/10
  1398 | D:2      | Reached skill level 5 in Spellcasting
  2237 | D:3      | Reached XP level 4. HP: 27/27 MP: 9/12
  2365 | D:3      | Noticed Joat's ghost (amateur OpTm)
  2890 | D:4      | Reached XP level 5. HP: 30/31 MP: 8/13
  2929 | D:4      | Learned a level 3 spell: Mephitic Cloud
  3009 | D:5      | Entered Level 5 of the Dungeon
  3036 | D:5      | Reached skill level 1 in Air Magic
  3263 | D:5      | Reached skill level 1 in Staves
  3368 | D:5      | Reached XP level 6. HP: 36/36 MP: 3/14
  3385 | D:5      | Found a sand-covered staircase.
  3396 | Ossuary  | Entered an ossuary
  3448 | Ossuary  | HP: 1/36 [mummy (12)]
  3660 | D:5      | Found a shattered altar of Ashenzari.
  3747 | D:5      | Found Haeg's Armour Emporium.
  4130 | D:5      | Noticed Edmund
  4150 | D:5      | Killed Edmund
  4150 | D:5      | Reached skill level 5 in Air Magic
  4452 | D:5      | Reached XP level 7. HP: 41/41 MP: 7/16
  4841 | D:5      | Reached skill level 6 in Spellcasting
  5735 | D:6      | Reached skill level 7 in Spellcasting
  5753 | D:6      | Noticed Pikel
  6093 | D:6      | Reached skill level 8 in Spellcasting
  6093 | D:6      | Reached XP level 8. HP: 39/46 MP: 12/21
  6424 | D:6      | Found a staircase to the Ecumenical Temple.
  6433 | D:6      | Slain by an orc warrior

Skill      XL: |  1  2  3  4  5  6  7  8 |
---------------+-------------------------+-----
Spellcasting   | 4 5 8 |  8.4
Conjurations   | 2 4 |  4.3
Air Magic      | 2 5 6 |  6.0
Staves         | 2 |  2.0
Dodging        | |  2.1
Stealth        | |  2.1
Summonings     | |  0.8
Translocations | |  1.1

Action                   |  1- 3 |  4- 6 |  7- 9 || total
-------------------------+-------+-------+-------++-------
Melee: Unarmed           |     5 |       |       ||     5
       Dagger            |       |    25 |       ||    25
       Staff             |       |    29 |     6 ||    35
 Cast: Magic Dart        |   114 |   151 |   170 ||   435
       Mephitic Cloud    |       |     1 |     8 ||     9
  Use: Potion            |     4 |     2 |     2 ||     8
       Scroll            |       |    10 |     2 ||    12
  Eat: Chunk             |     3 |     7 |     6 ||    16
Armor: Robe              |     8 |    37 |    13 ||    58
Dodge: Dodged            |    14 |    66 |    24 ||   104
